 Dungeon Crawl Stone Soup version 0.22-a0-247-gbddf880757 (webtiles) character file.

1883 Manul the Covert (level 9, -6/45 HPs)
             Began as a Vine Stalker Assassin on Feb 25, 2018.
             Mangled by an orc warrior
             ... wielding a +0 scimitar
              (14 damage)
             ... on level 6 of the Dungeon.
             The game lasted 00:07:14 (6313 turns).

Manul the Covert (Vine Stalker Assassin)            Turns: 6313, Time: 00:07:15

Health: -6/45      AC:  7    Str: 19    XL:     9   Next: 14%
Magic:  0/10       EV: 12    Int: 11    God:
Gold:   316        SH:  0    Dex: 19    Spells: 8/8 levels left

rFire    . . .     SeeInvis .   t - +2 war axe (freeze)
rCold    . . .     Gourm    .   (no shield)
rNeg     . . .     Faith    .   p - +0 ring mail
rPois    .         Spirit   +   (no helmet)
rElec    .         Reflect  .   d - +0 cloak
rCorr    +         Harm     .   i - +0 pair of gloves
MR       +....                  (no boots)
Stlth    +++.......             k - amulet of the acrobat
HPRegen  0.55/turn              u - ring of resist corrosion
MPRegen  0.12/turn              (no ring)

@: mighty, drained
A: fangs 3, regeneration 1, magic shield, antimagic bite, no potion heal 3, rot
immunity
a: no special abilities


You were on level 6 of the Dungeon.
You were not hungry.

You visited 2 branches of the dungeon, and saw 7 of its levels.
You also visited: Sewer.

You collected 316 gold pieces.

Inventory:

Hand Weapons
 a - a +2 dagger
 b - a +0 blowgun
 t - a +2 war axe of freezing (weapon)
 w - a cursed +2 battleaxe
Missiles
 e - 12 poisoned needles
 f - a curare-tipped needle
Armour
 c - a +0 robe
 d - a +0 cloak (worn)
 i - a +0 pair of gloves (worn)
 p - a +0 ring mail (worn)
Jewellery
 k - an amulet of the acrobat (around neck)
 u - a ring of resist corrosion (left hand)
Wands
 o - a wand of digging (15)
 B - a wand of iceblast (10)
Scrolls
 h - 3 scrolls of identify
 l - 5 scrolls of fear
 q - a scroll of enchant armour {unknown}
 r - a scroll of magic mapping
 v - a scroll of amnesia
 y - a scroll of teleportation
 C - a scroll of random uselessness {unknown}
 D - a scroll of blinking {unknown}
 F - a scroll of silence {unknown}
 H - a scroll of remove curse
Potions
 j - 2 potions of agility {unknown}
 m - a potion of magic
 n - 2 potions of might
 s - 2 potions of invisibility {unknown}
 x - a potion of flight {unknown}
 A - a potion of heal wounds {unknown}
 E - 2 potions of curing {unknown}
 G - a potion of mutation {unknown}
Comestibles
 g - 11 rations
 z - a chunk of flesh


   Skills:
 + Level 3.9(3.6) Fighting
 + Level 3.2(2.9) Short Blades
 + Level 6.2(5.9) Axes
 - Level 2.1(1.9) Throwing
 + Level 3.2(2.9) Armour
 + Level 2.9(2.6) Dodging
 + Level 8.5(8.2) Stealth


You had 8 spell levels left.
You didn't know any spells.

Dungeon Overview and Level Annotations

Branches:
Dungeon (6/15)             Temple (1/1) D:5

Altars:
Ashenzari
Fedhas
Hepliaklqana
Kikubaaqudgha
Nemelex Xobeh
Okawaru
Qazlal
Ru
Trog
Uskayaw
Vehumet
Xom
Yredelemnul
The Shining One

Annotations:
D:4 Menkaure


Innate Abilities, Weirdness & Mutations

You have razor-sharp teeth.
Your natural rate of healing is unusually fast.
When hurt, damage is shared between your health and your magic reserves.
Your bite disrupts and absorbs the magic of your enemies.
Potions cannot restore your health.
You are immune to rotting.


Message History

The orc warrior is moderately wounded.
The orc warrior hits you with a scimitar!
You are too injured to fight recklessly!
You are too injured to fight recklessly!
You are too injured to fight recklessly!
You barely miss the orc warrior.
You bite the orc warrior, but do no damage.
The orc warrior is moderately wounded.
The orc warrior hits you with a scimitar!
* * * LOW HITPOINT WARNING * * *
You closely miss the orc warrior.
The orc warrior is moderately wounded.
The orc warrior hits you but does no damage.
Unknown command.
Unknown command.
Evoke which item? (* to show all) (? for menu, Esc to quit)
Okay, then.
You feel very mighty all of a sudden.
The orc warrior hits you with a scimitar!
You die...

..# #.####
######## ..>..#
#......#
..##.######
#......#
..##..#...#
#......#
..###.#...#
#......# ..#
#.....# #......#
#.# ###..>#
#####Z.....#
#.#####...#
##..@ooo)...####
.....##...#
#..####.)......#
#...###...# #.##
#........#
###...#...###.#
#........#
###.#....##.#
#........#
#.#.....#.#
#........#
#....##.#<#
#.........
#....##...#
##.###..##
#...>##..##......#
#.#


You could see an orc warrior, 2 orcs and a quokka zombie.

Vanquished Creatures
  The ghost of RedPan the Ducker, an amateur DsMo (D:3)
  A phantom (D:6)
  2 ogres (D:5)
  A centaur (D:5)
  5 big kobolds (Sewer)
  2 bullfrogs
  4 wights
  A crimson imp (D:5)
  A bullfrog zombie (D:5)
  4 hounds
  A jelly (D:5)
  A bullfrog skeleton (D:6)
  2 orc priests
  Jessica (D:2)
  A worker ant (D:4)
  2 orc wizards (D:4)
  A hound skeleton (D:6)
  4 gnolls
  3 river rats
  13 adders
  A shadow imp (D:6)
  6 oozes
  2 adder skeletons
  3 worms
  3 dart slugs
  4 leopard geckos
  16 orcs
  7 ball pythons
  5 bats
  6 giant cockroaches
  5 goblins
  10 hobgoblins
  5 jackals
  A quokka (D:6)
  6 frilled lizards
  A jackal skeleton (D:4)
  6 kobolds
  A quokka skeleton (D:2)
  10 rats
149 creatures vanquished.

Notes
Turn   | Place    | Note
-------+----------+-------------------------------------------
     0 | D:1      | Manul the Vine Stalker Assassin began the quest for the Orb.
     0 | D:1      | Reached XP level 1. HP: 11/11 MP: 2/2
   151 | D:1      | Reached skill level 5 in Stealth
   221 | D:1      | Reached XP level 2. HP: 13/15 MP: 3/3
   885 | D:1      | Reached XP level 3. HP: 18/18 MP: 4/4
  1230 | D:2      | Found a bloodstained altar of Trog.
  1242 | D:2      | Noticed Jessica
  1248 | D:2      | Killed Jessica
  1248 | D:2      | Reached skill level 1 in Dodging
  1248 | D:2      | Reached skill level 6 in Stealth
  1248 | D:2      | Gained mutation: Your natural rate of healing is unusually fast. [Vine Stalker growth]
  1248 | D:2      | Reached XP level 4. HP: 23/23 MP: 5/5
  1916 | D:3      | Reached XP level 5. HP: 25/26 MP: 6/6
  2172 | D:3      | Reached skill level 7 in Stealth
  2403 | D:3      | Noticed RedPan's ghost (amateur DsMo)
  2416 | D:3      | Killed RedPan's ghost
  2416 | D:3      | Reached skill level 1 in Axes
  2416 | D:3      | Reached XP level 6. HP: 15/32 MP: 4/7
  2882 | D:4      | Noticed Menkaure
  3950 | D:5      | Entered Level 5 of the Dungeon
  3991 | D:5      | Reached XP level 7. HP: 21/35 MP: 5/8
  4058 | D:5      | Found a glowing drain.
  4063 | Sewer    | Entered a sewer
  4248 | Sewer    | Reached skill level 1 in Armour
  4549 | Sewer    | Reached skill level 8 in Stealth
  4549 | Sewer    | Gained mutation: You have razor-sharp teeth. [Vine Stalker growth]
  4549 | Sewer    | Reached XP level 8. HP: 40/40 MP: 9/9
  4883 | D:5      | Found a staircase to the Ecumenical Temple.
  4936 | D:5      | Found an iron altar of Okawaru.
  4980 | Temple   | Entered the Ecumenical Temple
  5370 | D:5      | Reached skill level 5 in Axes
  5447 | D:5      | Found a stormy altar of Qazlal.
  5757 | D:6      | Found a hide-covered altar of Uskayaw.
  6200 | D:6      | Reached XP level 9. HP: 44/45 MP: 10/10
  6313 | D:6      | Mangled by an orc warrior

Vault maps used:
D:1:      minmay_arrival_split_and_join
D:2:      first_ration, trog_book, uniq_jessica
D:4:      feat_on_display, uniq_menkaure
D:5:      lemuel_doored_altar, minmay_temple_entry_poolview, basic_altar,
          lightli_sewer_entry_pipes
D:6:      nicolae_overflow_crystal_walls, grunt_temple_overflow_open,
          hangedman_decor_diamond_cutter
Temple:   minmay_temple_bridge_abc
Sewer:    sewer_co_tree

Skill      XL: |  1  2  3  4  5  6  7  8  9 |
---------------+----------------------------+-----
Stealth        | 5 6 7 8 |  8.5
Short Blades   | 2 3 |  3.2
Fighting       | 2 3 |  3.9
Dodging        | 1 2 |  2.9
Axes           | 1 2 4 5 6 |  6.2
Armour         | 1 2 3 |  3.2
Throwing       | 2 |  2.1

Action                   |  1- 3 |  4- 6 |  7- 9 || total
-------------------------+-------+-------+-------++-------
Melee: Dagger            |    67 |    67 |       ||   134
       Bite              |     9 |    40 |    68 ||   117
       War axe           |       |    67 |   280 ||   347
 Fire: Blowgun           |       |       |     7 ||     7
  Use: Scroll            |       |     8 |     2 ||    10
       Potion            |       |       |     2 ||     2
 Stab: Sleeping          |    11 |    11 |    12 ||    34
       Distracted        |     1 |     1 |     2 ||     4
  Eat: Chunk             |     1 |     6 |     8 ||    15
       Ration            |       |     1 |       ||     1
Armor: Robe              |    20 |    22 |       ||    42
       Ring mail         |       |     6 |   109 ||   115
Dodge: Dodged            |    28 |    72 |   164 ||   264

Table legend:
 A = Spawn XP
 B = Non-spawn XP
 C = Spawn XP percentage of total XP
 D = Spawn monster count
 E = Non-spawn monster count
 F = Spawn count percentage of total count
 G = Total turns spent on level
                    A         B        C        D         E        F      G
               +---------+---------+-------+---------+---------+-------+---------
         Total |       0 |    2690 |   0.0 |       0 |     149 |   0.0 |  6313
               +---------+---------+-------+---------+---------+-------+---------
           D:1 |       0 |      37 |   0.0 |       0 |      20 |   0.0 |   937
           D:2 |       0 |      97 |   0.0 |       0 |      22 |   0.0 |   936
           D:3 |       0 |     265 |   0.0 |       0 |      24 |   0.0 |   704
           D:4 |       0 |     183 |   0.0 |       0 |      12 |   0.0 |  1373
           D:5 |       0 |     929 |   0.0 |       0 |      29 |   0.0 |  1328
           D:6 |       0 |     570 |   0.0 |       0 |      17 |   0.0 |   291
         Sewer |       0 |     609 |   0.0 |       0 |      25 |   0.0 |   548
               +---------+---------+-------+---------+---------+-------+---------
